Map: Lerilak Crest

Players

Hindulaatti

  • Race: Terran Terran
  • League: Diamond

Sky

  • Race: Terran Terran
  • League: Bronze

BLFG

  • Race: Zerg Zerg

Moumout

  • Race: Zerg Zerg

VOD

Have the link to the VOD?

Description

Time

  • Played on: Jan. 11, 2016, 8:49 a.m.
  • Length: 9:30
Show
View Real Time Build Order
Export as new Build Order

Hindulaatti Terran 

Build Orders: Reaper Expand, MMM Bio 

Get SALT Encoding   

  12  0:01  SCV  
  13  0:13  SCV  
  14  0:17  Supply Depot  
  14  0:25  SCV  
  15  0:39  SCV  
  15  0:40  Barracks  
  16  0:45  Refinery  
  16  0:51  SCV  
  17  1:03  SCV  
  18  1:15  SCV  
  19  1:27  Orbital Command  
  19  1:32  Reaper  
  20  1:40  Command Center  
  20  1:47  Supply Depot  
  20  1:55  SCV  
  21  2:07  SCV  
  21  2:08  Barracks Reactor  
  22  2:19  SCV  
  23  2:31  Barracks  
  23  2:32  Barracks  
  23  2:39  SCV  
  23  2:42  Supply Depot  
  24  2:47  Marine x2  
  26  2:51  Orbital Command  
  26  2:57  SCV  
  27  3:09  SCV  
  27  3:10  Marine  
  27  3:11  Marine  
  30  3:16  Supply Depot  
  29  3:20  Barracks Tech Lab  
  29  3:21  Barracks Reactor  
  29  3:22  SCV  
  29  3:23  SCV  
  29  3:25  Factory  
  31  3:28  Refinery  
  31  3:30  Marine x2  
  31  3:34  SCV  
  34  3:35  SCV  
  34  3:36  Bunker  
  35  3:41  Engineering Bay  
  35  3:47  SCV x2  
  37  3:55  Supply Depot  
  37  3:59  Marauder, Marine, SCV x2  
  42  4:03  Marine x2  
  42  4:08  Stimpack  
  44  4:11  SCV x2  
  44  4:14  Starport  
  46  4:18  Factory Reactor  
  46  4:23  SCV x2  
  48  4:28  Factory Tech Lab  
  48  4:30  Marine x3  
  48  4:31  Marine x2  
  53  4:35  SCV  
  54  4:40  SCV  
  54  4:43  Supply Depot  
  54  4:44  Supply Depot  
  55  4:47  SCV  
  55  4:48  Marine  
  55  4:52  Siege Tank  
  60  4:56  Medivac  
  62  5:08  Refinery  
  62  5:11  Refinery  
  62  5:15  Bunker  
  62  5:18  Bunker  
  39  5:36  Marine x5  
  33  5:47  Orbital Command  
  32  5:54  Marine x2  
  32  6:13  Marine  
  32  6:14  Marine x4  
  37  6:20  Siege Tank  
  37  6:21  Medivac  
  42  6:28  SCV  
  42  6:29  SCV  
  42  6:31  Marine  
  42  6:32  Marine x2  
  47  6:47  SCV x2  
  47  6:49  Marine x2  
  47  6:52  Supply Depot, Marine  
  54  6:55  Bunker  
  54  6:59  SCV x2  
  54  7:04  Siege Tank  
  54  7:07  Marine  
  58  7:11  SCV  
  58  7:12  Barracks Reactor  
  58  7:13  Marine  
  58  7:14  Marauder  
  62  7:18  SCV  
  63  7:23  SCV  
  63  7:25  Marine  
  65  7:30  SCV  
  65  7:31  Refinery  
  65  7:32  Combat Shields, Refinery  
  65  7:35  SCV  
  67  7:42  Marauder, Marine x2  
  68  7:54  Supply Depot  
  68  7:55  Supply Depot x2  
  68  7:56  SCV  
  68  7:57  SCV  
  70  8:09  SCV x2  
  70  8:11  Medivac  
  70  8:12  Medivac  
  74  8:21  SCV x2  
  74  8:24  Supply Depot  
  74  8:27  Supply Depot  
  76  8:28  Marine x2  
  76  8:29  Marine x2  
  76  8:33  SCV x2  
  82  8:55  Marauder, Marine x3  
  85  8:56  Marine  
  86  9:06  Command Center  
Show
View Real Time Build Order
Export as new Build Order

Sky Terran 

Build Orders:  

Get SALT Encoding   

  12  0:01  Drone  
  13  0:08  Drone  
  14  0:18  Extractor  
  14  0:19  Drone  
  14  0:20  Extractor  
  13  0:22  Drone  
  13  0:27  Overlord  
  16  0:54  Drone  
  17  0:59  Drone, Hatchery  
  17  1:07  Drone  
  18  1:17  Spawning Pool  
  17  1:19  Drone  
  17  1:25  Drone  
  19  1:32  Extractor  
  18  1:34  Drone, Extractor  
  18  1:44  Drone  
  19  1:49  Overlord  
  19  2:02  Drone  
  19  2:07  Queen  
  22  2:15  Queen  
  24  2:16  Drone  
  24  2:17  Drone  
  26  2:27  Zergling x4  
  27  2:48  Metabolic Boost  
  26  3:04  Drone x2  
  26  3:05  Drone x4  
  32  3:17  Overlord x2  
  32  3:35  Baneling Nest  
  31  3:56  Zergling x2  
  31  3:57  Zergling x22  
  43  4:08  Overlord x2  
  43  4:24  Baneling x4  
  43  4:25  Baneling x3  
  43  4:28  Zergling x12  
  49  4:44  Zergling x8  
  53  4:53  Zergling x10  
  53  4:56  Baneling x2  
  53  4:57  Baneling x2  
  59  5:00  Zergling x4  
  59  5:01  Zergling x2  
  58  5:26  Zergling x2  
  58  5:27  Zergling x12  
  45  5:53  Drone  
  45  5:54  Drone x6  
  50  5:59  Extractor  
  44  6:10  Drone x2  
  43  6:18  Drone x2  
  44  6:19  Hatchery  
  44  6:24  Evolution Chamber  
  44  6:25  Evolution Chamber  
  42  6:30  Drone  
  42  6:31  Drone x3  
  42  6:32  Roach Warren  
  45  6:35  Drone  
  45  6:36  Drone x3  
  49  6:50  Drone x2  
  51  7:06  Zerg Ground Armor Level 1, Zerg Missile Weapons Level 1  
  51  7:10  Zergling x2  
  51  7:11  Zergling x14  
  59  7:17  Extractor  
  51  7:56  Queen  
  52  8:00  Roach x2  
  52  8:01  Roach x6  
  52  8:02  Roach  
  68  8:09  Queen  
  66  8:13  Drone  
  66  8:14  Drone x5, Overlord  
  66  8:17  Lair  
  66  8:19  Overlord  
  71  8:22  Ravager x3  
  73  8:58  Roach  
  73  8:59  Roach x7  
  87  9:04  Overlord  
  80  9:11  Zergling x2  
  80  9:12  Zergling x4  
Show
View Real Time Build Order
Export as new Build Order

BLFG Zerg 

Build Orders:  

Get SALT Encoding   

Show
View Real Time Build Order
Export as new Build Order

Moumout Zerg 

Build Orders:  

Get SALT Encoding   

Tags
 
Add a new tag
Caveats
  • Supply blocks, unpowered buildings, or Contaminate may cause inaccurate times.
  • Supply counts are checked every 10 seconds.